 Dungeon Crawl Stone Soup version 0.21.1-1-g345015fe64 (webtiles) character file.

935 ILYA101 the Cleaver (level 8, -9/68 HPs)
             Began as a Hill Orc Fighter on Apr 9, 2018.
             Was an Initiate of Beogh.
             Mangled by a two-headed ogre
             ... wielding a +0 giant spiked club
              (30 damage)
             ... on level 5 of the Dungeon.
             The game lasted 00:12:23 (3940 turns).

ILYA101 the Cleaver (Hill Orc Fighter)              Turns: 3940, Time: 00:12:24

Health: -9/68      AC: 13    Str: 26    XL:     8   Next: 11%
Magic:  8/8        EV:  5    Int:  8    God:    Beogh [......]
Gold:   156        SH: 10    Dex: 10    Spells: 7/7 levels left

rFire    . . .     SeeInvis .   a - +4 war axe
rCold    . . .     Gourm    .   c - +0 shield
rNeg     . . .     Faith    .   j - +0 plate armour
rPois    .         Spirit   .   (no helmet)
rElec    .         Reflect  .   (no cloak)
rCorr    .         Harm     .   g - +0 pair of gloves
MR       .....                  (no boots)
Stlth    ..........             (no amulet)
HPRegen  0.21/turn              s - ring of flight
MPRegen  0.11/turn              (no ring)

@: mighty
A: no striking features
a: Renounce Religion, Evoke Flight


You were on level 5 of the Dungeon.
You worshipped Beogh.
Beogh was noncommittal.
You were hungry.

You visited 1 branch of the dungeon, and saw 5 of its levels.

You collected 156 gold pieces.

Inventory:

Hand Weapons
 a - a +4 war axe (weapon)
Armour
 c - a +0 shield (worn)
 g - a +0 pair of gloves (worn)
 j - a +0 plate armour (worn)
Jewellery
 s - a ring of flight (left hand)
Wands
 q - a wand of iceblast (7)
Scrolls
 b - a scroll of identify
 u - a scroll of magic mapping
Potions
 d - a potion of might
 i - a potion of brilliance
 k - a potion of heal wounds
 n - a potion of curing
 o - a potion of ambrosia
 t - a potion of flight {unknown}
Comestibles
 f - 6 rations


   Skills:
 + Level 5.0 Fighting
 + Level 8.5 Axes
 + Level 5.7 Armour
 + Level 0.2 Dodging
 + Level 0.3 Stealth
 + Level 5.3 Shields


You had 7 spell levels left.
You didn't know any spells.

Dungeon Overview and Level Annotations

Branches:
Dungeon (5/15)
 Temple: D:4-7

Altars:
Cheibriados
Nemelex Xobeh
Okawaru


Message History

You are too injured to fight recklessly!
You are too injured to fight recklessly!
You are too injured to fight recklessly!
You are too injured to fight recklessly!
You are too injured to fight recklessly!
You are too injured to fight recklessly!
You are too injured to fight recklessly!
You are too injured to fight recklessly!
You are too injured to fight recklessly!
You are too injured to fight recklessly!
You are too injured to fight recklessly!
You are too injured to fight recklessly!
You are too injured to fight recklessly!
You are too injured to fight recklessly!
You are too injured to fight recklessly!
You are too injured to fight recklessly!
You are too injured to fight recklessly!
You feel very mighty all of a sudden.
The two-headed ogre hits you with a giant spiked club!!
You die...

.* #.#..# *#.#........ ,* #.#..#
#.......### ,* #..†.# ###.^.###
,* ###.## ##.## ,* #>..# #.# ,*
#...# #.# ,* #...# ##'## ,* ###O#
##...## ,*** #@# ##.....##
,*,******** ##.## ##.....[.##
,,,,,,,,,,#####...####.........##
,,,,,,,,,,...........+.........'.
,,,,,,***,#####...####.........##
*,,**,* *,* ##.## ##.......###
*,***,* *,* #.## ##.....## #
*,***,***,* #..# ##...## #
*,,,,,,,,>* #####.##### ##'## #


You could see a two-headed ogre.

Vanquished Creatures
  The ghost of Dox the Sneak, a novice OpFi (D:5)
  Menkaure (D:4)
  A phantom (D:5)
  A scorpion (D:4)
  A howler monkey (D:4)
  A hound (D:4)
  An iguana (D:5)
  Terence (D:3)
  2 worker ants
  A killer bee zombie (D:3)
  A hound skeleton (D:4)
  3 adders
  A shadow imp (D:5)
  A worm (D:3)
  5 dart slugs
  2 leopard geckos
  13 orcs
  3 giant cockroaches
  2 goblins (D:3)
  4 hobgoblins
  5 jackals
  A quokka (D:3)
  A ball python (D:3)
  6 bats
  3 frilled lizards
  5 kobolds
  A leopard gecko skeleton (D:4)
  3 rats
71 creatures vanquished.

Vanquished Creatures (others)
  An orc (D:4)
1 creature vanquished.

Grand Total: 72 creatures vanquished

Notes
Turn   | Place    | Note
-------+----------+-------------------------------------------
     0 | D:1      | ILYA101 the Hill Orc Fighter began the quest for the Orb.
     0 | D:1      | Reached XP level 1. HP: 19/19 MP: 1/1
    89 | D:1      | Reached skill level 3 in Axes
   251 | D:1      | Reached XP level 2. HP: 22/27 MP: 2/2
   808 | D:2      | Found a snail-covered altar of Cheibriados.
   854 | D:2      | Reached XP level 3. HP: 33/33 MP: 3/3
  1669 | D:3      | Reached XP level 4. HP: 40/40 MP: 4/4
  1744 | D:3      | Reached skill level 4 in Axes
  1781 | D:3      | Found an iron altar of Okawaru.
  2356 | D:3      | Noticed Terence
  2368 | D:3      | Killed Terence
  2368 | D:3      | Reached XP level 5. HP: 46/46 MP: 5/5
  2521 | D:4      | Reached skill level 5 in Axes
  2626 | D:4      | Reached XP level 6. HP: 44/52 MP: 6/6
  2691 | D:4      | Became a worshipper of Beogh the Brigand
  2742 | D:4      | Reached skill level 6 in Axes
  3039 | D:4      | Noticed Menkaure
  3051 | D:4      | HP: 1/52 [Menkaure (11)]
  3054 | D:4      | Killed Menkaure
  3422 | D:5      | Entered Level 5 of the Dungeon
  3447 | D:5      | Found a sparkling altar of Nemelex Xobeh.
  3462 | D:5      | Noticed a phantom
  3470 | D:5      | Noticed Dox's ghost (novice OpFi)
  3488 | D:5      | Reached XP level 7. HP: 25/60 MP: 7/7
  3492 | D:5      | Killed Dox's ghost
  3492 | D:5      | Reached skill level 8 in Axes
  3492 | D:5      | Reached skill level 5 in Armour
  3492 | D:5      | Reached skill level 5 in Shields
  3499 | D:5      | Reached skill level 5 in Fighting
  3499 | D:5      | Reached XP level 8. HP: 13/68 MP: 8/8
  3928 | D:5      | Noticed a two-headed ogre
  3940 | D:5      | Mangled by a two-headed ogre

Skill      XL: |  1  2  3  4  5  6  7 |
---------------+----------------------+-----
Axes           | 3 4 5 6 8 |  8.5
Fighting       | 4 5 |  5.0
Shields        | 4 5 |  5.3
Armour         | 4 5 |  5.7
Dodging        | |  0.2
Stealth        | |  0.3

Action                   |  1- 3 |  4- 6 |  7- 9 || total
-------------------------+-------+-------+-------++-------
Melee: War axe           |   109 |   144 |    15 ||   268
Invok: Convert to Beogh  |       |     1 |       ||     1
  Use: Potion            |       |     2 |     1 ||     3
       Scroll            |       |       |    15 ||    15
  Eat: Chunk             |     3 |     3 |       ||     6
       Ration            |       |     1 |       ||     1
Armor: Scale mail        |     5 |       |       ||     5
       Plate armour      |    75 |    83 |     1 ||   159
Dodge: Dodged            |    27 |    11 |     1 ||    39
Block: Shield            |    56 |    75 |     8 ||   139
